 Dungeon Crawl Stone Soup version 0.19.3-1-g3169bf9 (webtiles) character file.

75 lvcrft the Grave Robber (level 4, -2/31 HPs)
             Began as a Mummy Necromancer on Jan 25, 2017.
             Slain by a worm (8 damage)
             ... on level 2 of the Dungeon.
             The game lasted 00:10:10 (2832 turns).

lvcrft the Grave Robber (Mummy Necromancer)         Turns: 2832, Time: 00:10:11

Health: -2/31      AC:  5    Str: 12    XL:     4   Next: 11%
Magic:  0/8        EV: 10    Int: 14    God:
Gold:   86         SH:  0    Dex: 12    Spells: 1 memorised, 7 levels left

rFire  x . .     SeeInvis .     i - +0 mace
rCold  + . .     Gourm    .     j - +0 ring mail
rNeg   + + +     Faith    .     (no shield)
rPois  ∞         Spirit   .     (no helmet)
rElec  .         Reflect  .     (no cloak)
rCorr  .         Harm     .     (no gloves)
MR     .....                    (no boots)
Stlth  +.........               (no amulet)
                                (no ring)
                                (no ring)

@: very slightly contaminated
A: no food or potions, fire vulnerability, cold resistance 1, negative energy
resistance 3, torment resistance, unbreathing
a: no special abilities


You were on level 2 of the Dungeon.
You were not hungry.

You visited 1 branch of the dungeon, and saw 2 of its levels.

You collected 86 gold pieces.

Inventory:

Hand Weapons
 g - a +0 club
 i - a +0 mace (weapon)
Armour
 a - a +0 robe
 j - a +0 ring mail (worn)
Scrolls
 c - a scroll of teleportation {unknown}
 d - a scroll of identify {unknown}
 e - a scroll of blinking {unknown}
 f - 2 scrolls of remove curse {unknown}
 h - a scroll of amnesia {unknown}
Books
 b - a book of Necromancy

   Spells                             Type                      Level
   a - Pain                           Necromancy                   1
   b - Animate Skeleton               Necromancy                   1
   c - Vampiric Draining              Necromancy                   3
   d - Regeneration                   Charms/Necromancy            3
   e - Animate Dead                   Necromancy                   4
   f - Control Undead                 Necromancy                   4


   Skills:
 + Level 0.6 Fighting
 + Level 1.0 Maces & Flails
 + Level 1.6 Dodging
 + Level 1.7 Stealth
 + Level 2.7 Spellcasting
 + Level 4.7 Necromancy


You had 7 spell levels left.
You knew the following spells:

 Your Spells              Type           Power        Failure   Level  Hunger
a - Pain                  Necr           ###.         10%         1    N/A

Dungeon Overview and Level Annotations

Branches:
Dungeon (2/15)

Altars:


Innate Abilities, Weirdness & Mutations

You do not eat or drink.
Your flesh is vulnerable to fire.
You are immune to poison.
Your flesh is cold resistant. (rC+)
You are immune to negative energy. (rN+++)
You are immune to unholy pain and torment.
You can survive without breathing.


Message History

The worm closely misses you.
Casting: Pain
Confirm with . or Enter, or press ? or * to list all spells.
Aiming: Pain
Press: ? - help, Shift-Dir - straight line, f/p - worm
Aim: a worm (moderately wounded, berserk, fast, unusually strong, chance to defeat MR: 80%)
The worm writhes in agony!
The worm bites you.
* * * LOW HITPOINT WARNING * * *
The worm closely misses you.
You completely miss the worm.
The worm is moderately wounded.
The worm bites you.
* * * LOW HITPOINT WARNING * * *
Casting: Pain
Confirm with . or Enter, or press ? or * to list all spells.
Aiming: Pain
Press: ? - help, Shift-Dir - straight line, f/p - worm
Aim: a worm (lightly wounded, berserk, fast, unusually strong, chance to defeat MR: 80%)
The worm writhes in agony!
The worm bites you!
You die...

###### ###....# ##.r.##.#
##.r####)# #.w## ... # ######
#@## ..... # #....# #.#
....... ######....######.#
...###...
.................#...##y##...
...###############....###....#
.......... ...#######
##.######### #### ##.........#
#..###


You could see a worm (berserk) and 2 rats.

Vanquished Creatures
  2 adders (D:2)
  An ooze (D:2)
  2 worms (D:2)
  A leopard gecko (D:2)
  A ball python (D:1)
  A giant cockroach (D:2)
  4 goblins
  8 hobgoblins
  6 jackals
  3 bats
  9 kobolds
  6 rats
44 creatures vanquished.

Notes
Turn   | Place    | Note
-------+----------+-------------------------------------------
     0 | D:1      | lvcrft the Mummy Necromancer began the quest for the Orb.
     0 | D:1      | Reached XP level 1. HP: 13/13 MP: 3/3
   256 | D:1      | Reached XP level 2. HP: 13/19 MP: 0/5
   634 | D:1      | You fall through a shaft!
  1422 | D:2      | Reached XP level 3. HP: 16/24 MP: 3/6
  2402 | D:2      | Reached skill level 1 in Maces & Flails
  2550 | D:2      | Reached XP level 4. HP: 28/31 MP: 8/8
  2808 | D:2      | Noticed a moth of wrath
  2832 | D:2      | Slain by a worm

Skill      XL: |  1  2  3 |
---------------+----------+-----
Maces & Flails | 1 |  1.0
Fighting       | |  0.6
Dodging        | |  1.6
Stealth        | |  1.7
Spellcasting   | |  2.7
Necromancy     | |  4.7

Action                   |  1- 3 |  4- 6 || total
-------------------------+-------+-------++-------
Melee: Whip              |     3 |       ||     3
       Club              |    33 |       ||    33
       Mace              |    55 |     9 ||    64
 Cast: Pain              |    50 |    10 ||    60
 Stab: Sleeping          |     1 |       ||     1
Armor: Robe              |     8 |       ||     8
       Ring mail         |    25 |     3 ||    28
Dodge: Dodged            |    72 |     4 ||    76
